 Dungeon Crawl Stone Soup version 0.22-a0-570-g58866f5 (webtiles) character file.

87 iamserjio the Shield-Bearer (level 4, -2/28 HPs)
             Began as a Gargoyle Fighter on June 30, 2018.
             Killed by divine providence
             ... invoked by an orc priest
              (9 damage)
             ... on level 3 of the Dungeon.
             The game lasted 00:01:49 (275 turns).

iamserjio the Shield-Bearer (Gargoyle Fighter)       Turns: 275, Time: 00:01:49

Health: -2/28      AC: 10    Str: 25    XL:     4   Next: 51%
Magic:  4/4        EV:  7    Int:  8    God:
Gold:   55         SH: 10    Dex: 10    Spells: 3/3 levels left

rFire    . . .     SeeInvis .   a - +0 war axe
rCold    . . .     Gourm    .   c - +0 shield
rNeg     + . .     Faith    .   b - +0 scale mail
rPois    ∞         Spirit   .   (no helmet)
rElec    +         Reflect  .   (no cloak)
rCorr    .         Harm     .   (no gloves)
MR       .....                  (no boots)
Stlth    ..........             (no amulet)
HPRegen  0.09/turn              (no ring)
MPRegen  0.09/turn              (no ring)

@: mighty
A: negative energy resistance 1, electricity resistance, unbreathing,
petrification resistance, rot immunity, AC +3
a: no special abilities


You were on level 3 of the Dungeon.
You were not hungry.

You visited 1 branch of the dungeon, and saw 3 of its levels.

You collected 55 gold pieces.

Inventory:

Hand Weapons
 a - a +0 war axe (weapon)
Armour
 b - a +0 scale mail (worn)
 c - a +0 shield (worn)
Jewellery
 g - an uncursed amulet of rage {unknown}
Scrolls
 e - a scroll of immolation {unknown}
 h - a scroll of remove curse {unknown}
 i - a scroll of amnesia {unknown}
Potions
 j - a potion of curing {unknown}
Comestibles
 f - 2 rations


   Skills:
 - Level 3.3 Fighting
 * Level 3.5 Axes
 - Level 3.3 Armour
 + Level 4.1 Shields


You had 3 spell levels left.
You didn't know any spells.
Your spell library was empty.

Dungeon Overview and Level Annotations

Branches:
Dungeon (3/15)

Altars:


Innate Abilities, Weirdness & Mutations

You are resistant to torment.
Your stone body is resilient. (AC +3)
You are immune to poison.
You resist negative energy. (rN+)
You are resistant to electric shocks. (rElec)
You can survive without breathing.
You are immune to petrification.
You are immune to rotting.


Message History

You closely miss the orc priest.
The orc priest is severely wounded.
You block the orc priest's attack.
The orc throws a stone.
The stone hits you.
The orc priest hits you but does no damage.
The orc throws a stone.
The stone hits you.
Your shield prevents you from hitting the orc priest.
The orc priest is severely wounded.
The orc priest hits you but does no damage.
The orc throws a stone.
You block the stone.
You barely miss the orc priest.
The orc priest is severely wounded.
The orc priest mumbles some strange prayers to Beogh against you.
Pain shoots through your body!
You closely miss the orc priest.
The orc priest is severely wounded.
The orc throws a stone.
The stone hits you.
* * * LOW HITPOINT WARNING * * *
The orc priest mumbles some strange prayers to Beogh against you.
Beogh smites you!
You die...

#....#
#....#####.
#..<.......
#....#.....
#....# ....
#####....# ##
#####.....####
......)†..#
.......@..#
.......)o.#
.......o.....
..........##...
..........# ##
..........#
#####......
#.......


You could see an orc priest and an orc.

Vanquished Creatures
  3 gnolls (D:3)
  2 adders (D:2)
  2 oozes
  A worm (D:3)
  A dart slug (D:2)
  3 leopard geckos
  2 orcs (D:3)
  A bat (D:1)
  2 giant cockroaches
  A hobgoblin (D:1)
  4 kobolds
  3 rats
25 creatures vanquished.

Notes
Turn   | Place    | Note
-------+----------+-------------------------------------------
     0 | D:1      | iamserjio the Gargoyle Fighter began the quest for the Orb.
     0 | D:1      | Reached XP level 1. HP: 14/14 MP: 1/1
    51 | D:1      | Reached XP level 2. HP: 18/19 MP: 2/2
   108 | D:2      | Reached XP level 3. HP: 16/23 MP: 3/3
   264 | D:3      | Reached skill level 4 in Shields
   264 | D:3      | Reached XP level 4. HP: 21/28 MP: 4/4
   275 | D:3      | Killed from afar by an orc priest

Vault maps used:
D:1:      scummos_arrival_forest, st_stairs_6, minivault_25
D:2:      kennysheep_slug_shrine, elyvilon_altar_4, solitary_fountain,
          uniq_terence, uniq_natasha
D:3:      lemuel_crystal_altar, grunt_temple_overflow_open,
          lightli_temple_of_fire, first_ration

Skill      XL: |  1  2  3 |
---------------+----------+-----
Axes           | 2 3 |  3.5
Shields        | 4 |  4.1
Fighting       | |  3.3
Armour         | |  3.3

Action                   |  1- 3 |  4- 6 || total
-------------------------+-------+-------++-------
Melee: War axe           |    55 |    10 ||    65
  Use: Potion            |     1 |       ||     1
Armor: Scale mail        |    37 |     5 ||    42
Dodge: Dodged            |    24 |     3 ||    27
Block: Shield            |    33 |     9 ||    42

Table legend:
 A = Spawn XP
 B = Non-spawn XP
 C = Spawn XP percentage of total XP
 D = Spawn monster count
 E = Non-spawn monster count
 F = Spawn count percentage of total count
 G = Total turns spent on level
                    A         B        C        D         E        F      G
               +---------+---------+-------+---------+---------+-------+---------
         Total |       0 |     125 |   0.0 |       0 |      25 |   0.0 |   275
               +---------+---------+-------+---------+---------+-------+---------
           D:1 |       0 |      19 |   0.0 |       0 |       7 |   0.0 |    90
           D:2 |       0 |      51 |   0.0 |       0 |      11 |   0.0 |   162
           D:3 |       0 |      55 |   0.0 |       0 |       7 |   0.0 |    23
               +---------+---------+-------+---------+---------+-------+---------
